 Seeded DCSS version 0.31-a0-426-g3a05650e59 (webtiles) character file.

Game seed: 7219796886474184679 (custom seed)

408 Gelion the Changeling (level 6, -2/42 HPs)
             Began as an Octopode Shapeshifter on July 31, 2023.
             Slain by an orc wizard
             ... wielding a +0 dagger
              (3 damage)
             ... on level 4 of the Dungeon.
             The game lasted 00:06:28 (3333 turns).

Gelion the Changeling (Octopode Shapeshifter)       Turns: 3333, Time: 00:06:29

Health: -2/42      AC:  1    Str: 14      XL:     6   Next: 88%
Magic:  6/6        EV: 13    Int: 11      God:
Gold:   137        SH:  0    Dex: 11 (14) Spells: 5/5 levels left

rFire   . .          .
                       - Unarmed
rCold   . . .        (no shield)
rNeg    . . .        (helmet currently unavailable)
rPois   .            (no amulet)
rElec   .            (no ring)
rCorr   .            (no ring)
SInv    .            (no ring)
Will    .....        (no ring)
Stlth   ++           (no ring)
HPRegen 0.27/turn    (no ring)
MPRegen 0.10/turn    (no ring)
                     (no ring)

%: no passive effects
@: brilliant, beast-form, invisible
A: beast (slay +3), almost no armour, amphibious, 8 rings, camouflage 1,
gelatinous body 1, (nimble swimmer 1), tentacles
a: Begin Untransformation


You were on level 4 of the Dungeon.
You were a hulking beast.
You visited 1 branch of the dungeon, and saw 4 of its levels.

You collected 137 gold pieces.

Inventory:

Missiles
 g - 2 throwing nets
Jewellery
 o - an amulet of faith
Talismans
 b - a beast talisman (active)
 c - a granite talisman
Wands
 j - a wand of polymorph (10)
Scrolls
 h - a scroll of amnesia
 n - 3 scrolls of teleportation
Potions
 d - 2 potions of invisibility
 f - a potion of attraction
 k - 2 potions of brilliance


   Skills:
 + Level 3.3 Fighting
 - Level 2.0 Dodging
 + Level 4.5 Unarmed Combat
 * Level 5.0 Shapeshifting


You had 5 spell levels left.
You didn't know any spells.
Your spell library contained the following spells:

 Spells                   Type           Power      Damage    Failure   Level
 Necrotise                Necr           0%         1d4       34%         1
 Slow                     Hex            0%         N/A       34%         1
 Confusing Touch          Hex            0%         N/A       71%         3
 Vampiric Draining        Necr           0%         2d6       71%         3
 Agony                    Necr           0%         N/A       100%        5


Dungeon Overview and Level Annotations

Branches:
Dungeon (4/15)
 Temple: D:4-7

Altars:


Innate Abilities, Weirdness & Mutations

You are a hulking beast.
Your limbs bulge with bestial killing power. (Slay +3)
You cannot wear most types of armour.
You are amphibious.
You can wear up to eight rings at the same time.
Your skin changes colour to match your surroundings (Stealth+).
Your rubbery body absorbs attacks. (AC +1, EV +1)
((You are camouflaged when in or above water. (Stealth+)))
You have tentacles for arms and can constrict up to eight enemies at once.


Message History

A puff of flame appears from out of thin air!
The puff of flame hits you!
* * * LOW HITPOINT WARNING * * *
It was a potion of invisibility.
You fade into invisibility!
Something hits you.
* * * LOW HITPOINT WARNING * * *
It was a potion of brilliance.
You feel clever all of a sudden.
You hear some strange, mumbled words.
You are confused.
It was a potion of heal wounds.
You feel much better. Something hits you.
You're too confused to move!
Something hits you.
You closely miss something. Your squeeze misses something. Something hits you.
You bump into the rock wall.
Something hits you.
You bump into the rock wall.
You hear some strange, mumbled words.
A magic dart appears from out of thin air!
The magic dart hits you!
* * * LOW HITPOINT WARNING * * *
You're too confused to move!
Something hits you.
* * * LOW HITPOINT WARNING * * *
You completely miss something.
You feel less confused. Something hits you.
* * * LOW HITPOINT WARNING * * *
You closely miss something. Something hits you.
* * * LOW HITPOINT WARNING * * *
You closely miss something. Something hits you.
* * * LOW HITPOINT WARNING * * *
You barely miss something. Something completely misses you.
You closely miss something.
You tentacle-slap something but do no damage.
Your squeeze misses something. Something hits you.
* * * LOW HITPOINT WARNING * * *
You miss something. Your squeeze misses something. Something barely misses you.
You tentacle-slap something. Something hits you.
* * * LOW HITPOINT WARNING * * *
You miss something. Your squeeze misses something. Something hits you.
You die...

#....##.#.####.!...###....
#....##.#.# #...#........
#....##.#.# #...#####.)..
#....##.#.# #...# ...
#....##.#.# #...# ..
#....##.#.# #...# .
#######.#.# #...# ###.#.#
#...# #...{h# #...#
#.#.### #...# # #.# #####
#†# #)#### #....#
#).....=. #........
#........


There were no monsters in sight!

Vanquished Creatures
  An ogre (D:4)
  A phantom (D:4)
  A scorpion (D:3)
  Ijyb (D:3)
  An orc wizard (D:4)
  3 gnolls (D:2)
  2 adders
  A dart slug (D:1)
  3 orcs (D:4)
  9 endoplasms
  6 giant cockroaches
  9 hobgoblins
  3 jackals (D:3)
  11 kobolds
  5 quokkas
  6 ball pythons
  7 bats
  10 frilled lizards (D:1)
  9 goblins
  7 rats
96 creatures vanquished.

Notes
Turn   | Place    | Note
-------+----------+-------------------------------------------
     0 | D:1      | Gelion the Octopode Shapeshifter began the quest for the
                  | Orb.
     0 | D:1      | Reached XP level 1. HP: 13/13 MP: 1/1
    73 | D:1      | Reached XP level 2. HP: 17/18 MP: 2/2
   299 | D:1      | Reached XP level 3. HP: 19/23 MP: 3/3
  1087 | D:2      | Reached XP level 4. HP: 7/29 MP: 4/4
  1567 | D:2      | Identified the +10 hand axe of the Gloaming {drain, rC+
                  | Str+2 Dex-3}
  1788 | D:3      | Noticed a scorpion
  1807 | D:3      | Killed a scorpion
  1808 | D:3      | Reached skill level 4 in Shapeshifting
  1808 | D:3      | Reached XP level 5. HP: 35/35 MP: 5/5
  2339 | D:3      | Found a faded altar of an unknown god.
  2502 | D:3      | Noticed Ijyb
  2561 | D:3      | Killed Ijyb
  2911 | D:4      | Noticed an ogre
  2939 | D:4      | Killed an ogre
  2940 | D:4      | Reached XP level 6. HP: 5/42 MP: 6/6
  3246 | D:4      | Noticed a yak
  3292 | D:4      | Reached skill level 5 in Shapeshifting
  3330 | D:4      | HP: 2/42 [something (3)]
  3333 | D:4      | Slain by an orc wizard

Illustrated notes

Levels and vault maps discovered:
D:1:      ncdulo_lavacross, layout_basic, minmay_lizard_pond
D:2:      layout_loops_corners
D:3:      kennysheep_goblin_castle, layout_rooms,
          dilly_ecumenical_altar_fadedgnrine, item_on_display_a
D:4:      layout_basic, grunt_dithmenos_smoke, grunt_ministairs_9

Skill      XL: |  1  2  3  4  5  6 |
---------------+-------------------+-----
Fighting       | 2 3 |  3.3
Shapeshifting  | 4 5 |  5.0
Unarmed Combat | 4 |  4.5
Dodging        | |  2.0

Action                     |  1- 3 |  4- 6 || total
---------------------------+-------+-------++-------
  Melee: Unarmed           |    72 |   142 ||   214
         Constrict         |    18 |    19 ||    37
         Tentacles         |     6 |    24 ||    30
    Use: Scroll            |     1 |    10 ||    11
         Potion            |       |     8 ||     8
   Stab: Sleeping          |     9 |    11 ||    20
 Armour: Skin              |     8 |    14 ||    22
  Dodge: Dodged            |    34 |    73 ||   107

Table legend: (Time is in decaauts)
 A = Elapsed time spent in this place.
 B = Non-inter-level travel time spent in this place.
 C = Inter-level travel time spent in this place.
 D = Time resting spent in this place.
 E = Time spent auto-exploring this place.
 F = Levels seen in this place.
 G = Mean time per level.
                   A        B        C        D        E       F      G
               +--------+--------+--------+--------+--------+-----+--------+
         Total |   3311 |   3189 |    122 |     48 |   2466 |   4 |  827.8 |
       Dungeon |   3311 |   3189 |    122 |     48 |   2466 |   4 |  827.8 |
               +--------+--------+--------+--------+--------+-----+--------+

Top non-repeatable levels by time:
     D:2: 1027 daAuts
     D:3: 997 daAuts
     D:1: 747 daAuts
     D:4: 539 daAuts
